 Dungeon Crawl Stone Soup version 0.26-a0-158-g66bac3cce0 (webtiles) character file.

Game seed: 1397699012749046776

18 Flugslaktarn the Chiller (level 2, -2/13 HPs)
             Began as a Vine Stalker Ice Elementalist on July 2, 2020.
             Slain by an orc
             ... wielding a +0 mace
              (5 damage)
             ... on level 3 of the Dungeon.
             The game lasted 00:01:42 (285 turns).

Flugslaktarn the Chiller (VSIE)                      Turns: 285, Time: 00:01:42

Health: -2/13      AC:  3    Str: 10    XL:     2   Next: 66%
Magic:  0/6        EV: 12    Int: 15    God:
Gold:   8          SH:  0    Dex: 14    Spells: 5/6 levels left

rFire    . . .     SeeInvis .   g - +0 quarterstaff
rCold    . . .     Faith    .   (shield currently unavailable)
rNeg     . . .     Spirit   +   a - +0 robe
rPois    .         Reflect  .   f - +0 helmet
rElec    .         Harm     .   (no cloak)
rCorr    .                      (no gloves)
MR       .....                  (no boots)
Stlth    ++........             (no amulet)
HPRegen  0.04/turn              (no ring)
MPRegen  0.10/turn              (no ring)

@: no status effects
A: fangs 2, magic shield, antimagic bite, no potion heal 3, rot immunity
a: no special abilities


You were on level 3 of the Dungeon.
You were not hungry.

You visited 1 branch of the dungeon, and saw 3 of its levels.

You collected 8 gold pieces.

Inventory:

Hand Weapons
 g - a +0 quarterstaff (weapon)
   (You took it off a goblin on level 3 of the Dungeon)
Armour
 a - a +0 robe (worn)
 f - a +0 helmet (worn)
   (You found it on level 3 of the Dungeon)
Scrolls
 b - a scroll of noise {unknown}
 d - a scroll of identify {unknown}
Potions
 e - 2 potions of flight {unknown}
Comestibles
 c - 2 rations


   Skills:
 - Level 1.5 Dodging
 - Level 2.4 Stealth
 + Level 2.5 Spellcasting
 * Level 4.5 Ice Magic


You had 5 spell levels left.
You knew the following spells:

 Your Spells              Type           Power        Failure   Level  Hunger
a - Freeze                Ice            ###.         3%          1    #......

Your spell library contained the following spells:

 Spells                   Type           Power        Failure   Level  Hunger
 Frozen Ramparts          Ice            ###...       10%         3    ###....
 Ozocubu's Armour         Chrm/Ice       #.......     26%         3    ###....
 Hailstorm                Conj/Ice       #.......     63%         4    #####..
 Summon Ice Beast         Ice/Summ       #.......     63%         4    #####..


Dungeon Overview and Level Annotations

Branches:
Dungeon (3/15)

Altars:


Innate Abilities, Weirdness & Mutations

You have extremely sharp teeth.
When hurt, damage is shared between your health and your magic reserves.
Your bite disrupts and absorbs the magic of your enemies.
Potions cannot restore your health.
You are immune to rotting.


Message History

Casting: Freeze (safe; 3% risk of failure)
Confirm with . or Enter, or press ? or * to list all spells.
Aiming: Freeze (safe; 3% risk of failure)
Press: ? - help, Shift-Dir - straight line, f - orc
Aim: an orc You freeze the orc.
The orc is moderately wounded.
The orc hits you.
You closely miss the orc. Your bite misses the orc.
The orc is moderately wounded.
The orc hits you but does no damage.
Casting: Freeze (safe; 3% risk of failure)
Confirm with . or Enter, or press ? or * to list all spells.
Aiming: Freeze (safe; 3% risk of failure)
Press: ? - help, Shift-Dir - straight line, f - orc, p - orc
Aim: an orc, wielding a +0 mace and wearing a +0 leather armour You freeze the orc.
The orc is moderately wounded.
The orc hits you but does no damage. The orc hits you with a +0 mace.
* * * LOW HITPOINT WARNING * * *
You closely miss the orc.
The orc is moderately wounded.
The orc hits you with a +0 mace.
* * * LOW HITPOINT WARNING * * *
The orc misses you.
A quokka comes into view.
There is an open door here.
You close the door.
An orc opens the door.
The quokka closely misses you.
The quokka bites you but does no damage.
There is an open door here.
Things that are here:
a kobold corpse; a hobgoblin corpse; a goblin corpse
Casting: Freeze (safe; 3% risk of failure)
Confirm with . or Enter, or press ? or * to list all spells.
Aiming: Freeze (safe; 3% risk of failure)
Press: ? - help, Shift-Dir - straight line, f - quokka, p - orc
Aim: a quokka You freeze the quokka!
You kill the quokka!
The orc cheers loudly.
Casting: Freeze (safe; 3% risk of failure)
Confirm with . or Enter, or press ? or * to list all spells.
Aiming: Freeze (safe; 3% risk of failure)
Press: ? - help, Shift-Dir - straight line, f - orc
Aim: an orc, wielding a +0 mace and wearing a +0 leather armour You freeze the orc.
The orc is moderately wounded.
The orc hits you with a +0 mace!
You die...

..###o# ##...## ..# #.#
#+## ..###.# #.# ....o.#
#.###### #.#####
##.##... # #.#####
##...#.##### #.# ......#
#......#... .#.#
#.###.#####...#.#.# ...
#.# #........o.o@.# ..#
#......#####.##.#.###..#
#####.## #.##.#......#
#.# #†##.†..<...# ..#
#.########### #### #.#
#.# #.# ..#


You could see 2 orcs.

Vanquished Creatures
  A dart slug (D:1)
  A leopard gecko (D:3)
  5 goblins
  2 hobgoblins
  A kobold (D:3)
  A quokka (D:3)
  A bat (D:1)
  A rat (D:3)
13 creatures vanquished.

Notes
Turn   | Place    | Note
-------+----------+-------------------------------------------
     0 | D:1      | Flugslaktarn the Vine Stalker Ice Elementalist began the
                  | quest for the Orb.
     0 | D:1      | Reached XP level 1. HP: 9/9 MP: 4/4
    50 | D:1      | Reached XP level 2. HP: 5/13 MP: 1/6
   285 | D:3      | Slain by an orc

Illustrated notes

Levels and vault maps discovered:
D:1:      dpeg_arrival_rhombus, layout_basic, minmay_distorted
D:2:      layout_loops_ring
D:3:      layout_loops_corners, first_ration

Action                   || total
-------------------------++-------
Melee: Unarmed           ||     9
       Bite              ||     3
       Quarterstaff      ||     2
 Cast: Freeze            ||    22
Armor: Robe              ||     3
Dodge: Dodged            ||    14

Table legend:
 A = Non-vault XP
 B = Vault XP
 C = Vault XP percentage of total XP
 D = Non-vault monster count
 E = Vault monster count
 F = Vault count percentage of total count
                 A         B        C        D         E       F
            +---------+---------+-------+---------+---------+-------
      Total |      26 |       0 |   0.0 |      13 |       0 |   0.0
            +---------+---------+-------+---------+---------+-------
        D:1 |      13 |       0 |   0.0 |       6 |       0 |   0.0
        D:3 |      13 |       0 |   0.0 |       7 |       0 |   0.0
            +---------+---------+-------+---------+---------+-------
